 Dungeon Crawl Stone Soup version 0.30-a0-743-gbfdf073431 (webtiles) character file.

Game seed: 2220268952845907447

59 gelatine the Chopper (level 3, 0/28 HPs)
             Began as a Demonspawn Gladiator on Feb 6, 2023.
             Slain by a gnoll
             ... wielding a +0 flail
              (10 damage)
             ... on level 2 of the Dungeon.
             The game lasted 00:02:53 (1549 turns).

gelatine the Chopper (Demonspawn Gladiator)         Turns: 1549, Time: 00:02:53

Health: 0/28       AC:  7    Str: 16    XL:     3   Next: 78%
Magic:  3/3        EV: 10    Int: 11    God:
Gold:   22         SH:  5    Dex: 14    Spells: 2/2 levels left

rFire   . . .      SeeInvis .    a - +0 war axe
rCold   + . .      Faith    .    (no shield)
rNeg    . . .      Spirit   .    q - +0 scale mail
rPois   .          Reflect  +    c - +0 helmet
rElec   .          Harm     .    (no cloak)
rCorr   .          Rampage  .    (no gloves)
Will    .....                    (no boots) Stlth
                                 j - amulet of reflection
HPRegen 0.24/turn                e - ring of protection from cold
MPRegen 0.08/turn                (no ring)

@: no status effects
A: big brain 1
a: no special abilities


You were on level 2 of the Dungeon.
You visited 1 branch of the dungeon, and saw 2 of its levels.

You collected 119 gold pieces.
You spent 97 gold pieces at shops.

Inventory:

Hand Weapons
 a - a +0 war axe (weapon)
Missiles
 g - 11 poisoned darts (quivered)
Armour
 b - a +0 leather armour
 c - a +0 helmet (worn)
 q - a +0 scale mail (worn)
Jewellery
 e - a ring of protection from cold (left hand)
 j - an amulet of reflection (around neck)
Scrolls
 d - a scroll of poison {unknown}
 h - a scroll of teleportation {unknown}
 k - 2 scrolls of fear {unknown}
 l - 2 scrolls of identify {unknown}
 m - a scroll of butterflies {unknown}
 n - a scroll of magic mapping {unknown}
 p - a scroll of enchant armour {unknown}
 r - a scroll of blinking
Potions
 f - a potion of curing {unknown}
 i - a potion of might {unknown}
 o - a potion of cancellation {unknown}
 s - a potion of heal wounds {unknown}


   Skills:
 * Level 2.8 Fighting
 * Level 3.2 Axes
 * Level 2.2 Throwing
 * Level 2.9 Dodging
 + Level 1.0 Stealth


You had 2 spell levels left.
You didn't know any spells.
Your spell library was empty.

Dungeon Overview and Level Annotations

Branches:
Dungeon (2/15)

Altars:

Shops:
D:2 *


Innate Abilities, Weirdness & Mutations

You have an unusually large brain. (Int +2)


Message History

Found a stone staircase leading down.
There is a stone staircase leading down here.
A goblin comes into view. It is wielding a +0 dagger.
The goblin shouts!
A goblin is nearby!
The goblin hits you but does no damage.
You slash the goblin!
You kill the goblin!
Things that are here:
a +0 dagger; a goblin corpse
k - 2 scrolls labelled ETAMMAUVER (gained 1)
l - 2 scrolls labelled YTUPHU DEEXKEF (gained 1)
Found a short sword.
You see here a +0 short sword.
A frilled lizard comes into view.
The frilled lizard hisses angrily.
You slash the frilled lizard!
You kill the frilled lizard!
Found a stone staircase leading up.
s - a black potion
Found an escape hatch in the ceiling.
You see here a +0 dagger.
You see here an amulet of reflection. 2 gnolls come into view.
The gnoll shouts! x2; You hear a shout!
A gnoll comes into view. It is wielding a +0 club.
The gnoll hits you with a +0 flail!
You closely miss the gnoll. The gnoll hits you with a +0 flail.
You slash the gnoll!
The gnoll is almost dead.
You block the gnoll's attack.
You barely miss the gnoll.
The gnoll is almost dead.
The gnoll hits you with a +0 flail!
You hit the gnoll.
You kill the gnoll!
You slash the gnoll!
The gnoll is almost dead.
The gnoll closely misses you. The gnoll hits you with a +0 flail!
You die...

####### ##......
###...####
###############.........
#...............#...###.
#.################.## #.
#.# #.@gg..... #.# #.
#.# #.#######. #.# #.
#.# #.# #.####. #.# #.#
#.....# ###.# #.#
######. #...# #.# #.
#.######.# #. #>#......#
#. #.#.###### #.


You could see 2 gnolls.

Vanquished Creatures
  A gnoll (D:2)
  2 adders (D:2)
  A dart slug (D:1)
  An endoplasm (D:2)
  8 giant cockroaches (D:1)
  6 goblins
  A hobgoblin (D:2)
  3 ball pythons (D:1)
  A frilled lizard (D:2)
  3 kobolds (D:1)
  2 rats (D:1)
29 creatures vanquished.

Notes
Turn   | Place    | Note
-------+----------+-------------------------------------------
     0 | D:1      | gelatine the Demonspawn Gladiator began the quest for the
                  | Orb.
     0 | D:1      | Reached XP level 1. HP: 16/16 MP: 1/1
   121 | D:1      | Reached skill level 3 in Axes
   128 | D:1      | Gained mutation: You have an unusually large brain. (Int
                  | +2) [demonic ancestry]
   128 | D:1      | Reached XP level 2. HP: 11/22 MP: 2/2
   985 | D:2      | Reached XP level 3. HP: 22/28 MP: 3/3
  1115 | D:2      | Reached skill level 1 in Stealth
  1192 | D:2      | Found Gacaosas's General Store.
  1198 | D:2      | Bought a scroll of blinking for 97 gold pieces
  1549 | D:2      | Slain by a gnoll

Illustrated notes

Levels and vault maps discovered:
D:1:      psy_arrival_fountain, layout_basic, minmay_worlds_worst_comb
D:2:      layout_loops_ring, serial_shops, shop, minmay_puff

Skill      XL: |  1  2  3 |
---------------+----------+-----
Axes           | 3 |  3.2
Throwing       | 2 |  2.2
Stealth        | 1 |  1.0
Fighting       | |  2.8
Dodging        | |  2.9

Action                     || total
---------------------------++-------
  Melee: War axe           ||    70
         Punch             ||     3
  Throw: Throwing net      ||     9
         Dart              ||    14
         Javelin           ||     2
   Stab: Sleeping          ||     3
         Held in net/web   ||     3
 Armour: Leather armour    ||    14
         Scale mail        ||     1
  Dodge: Dodged            ||    32
  Block: Other             ||     5

Table legend: (Time is in decaauts)
 A = Elapsed time spent in this place.
 B = Non-inter-level travel time spent in this place.
 C = Inter-level travel time spent in this place.
 D = Time resting spent in this place.
 E = Time spent auto-exploring this place.
 F = Levels seen in this place.
 G = Mean time per level.
                   A        B        C        D        E       F      G
               +--------+--------+--------+--------+--------+-----+--------+
         Total |   1570 |   1536 |     34 |      0 |   1214 |   2 |  785.0 |
       Dungeon |   1570 |   1536 |     34 |      0 |   1214 |   2 |  785.0 |
               +--------+--------+--------+--------+--------+-----+--------+

Top non-repeatable levels by time:
     D:1: 906 daAuts
     D:2: 663 daAuts
